SR
FRANKLIN FIRE @ AMARILLO WARHEADS
05/30/2041
 
TOP OF THE 1ST
Franklin Fire batting - Pitching for Amarillo Warheads : RHP Rey Counsell
Pitching: RHP Rey Counsell
Batting: LHB Felipe Tovar 0-0: Ball
1-0: Foul Ball, location: 2F
1-1: Called Strike
1-2: Foul Ball, location: 2F
1-2: Fly out, F8 (Line Drive, 8LM, EV 95.0 MPH)
Batting: RHB Felino Edrada 0-0: Ball
1-0: Ball
2-0: Called Strike
2-1: Ground out 6-3 (Groundball, 6, EV 80.6 MPH)
Batting: SHB Christopher Tracy 0-0: Ball
1-0: Ball
2-0: Ground out U3 (Groundball, 34, EV 106.2 MPH)
Top of the 1st over - 0 runs, 0 hits, 0 errors, 0 left on base; Franklin 0 - Amarillo 0
BOTTOM OF THE 1ST
Amarillo Warheads batting - Pitching for Franklin Fire : RHP Kwan-yew Khu
Pitching: RHP Kwan-yew Khu
Batting: RHB Bao-tian Tong 0-0: Swinging Strike
0-1: Foul Ball, location: 2F
0-2: Strikes out swinging
Batting: LHB Seung-jae Kyong 0-0: Fly out, F6 (Line Drive, 6, EV 70.0 MPH)
Batting: RHB Yataro Nagai 0-0: Called Strike
0-1: Fly out, F9 (Flyball, 9S, EV 87.5 MPH)
Bottom of the 1st over - 0 runs, 0 hits, 0 errors, 0 left on base; Franklin 0 - Amarillo 0
TOP OF THE 2ND
Franklin Fire batting - Pitching for Amarillo Warheads : RHP Rey Counsell
Batting: LHB Jorge Leyva 0-0: Ball
1-0: Foul Ball, location: 2F
1-1: Foul Ball, location: 2F
1-2: Ball
2-2: Ball
3-2: DOUBLE (Line Drive, 8RXD, EV 105.0 MPH)
Pinch Runner at 2nd Jacob James:
Batting: LHB Will Blalock 0-0: Called Strike
0-1: Foul Ball, location: 2F
0-2: Ball
1-2: Ball
2-2: Strikes out swinging
Batting: RHB Raúl Bermúdez 0-0: Foul Ball, location: 2F
0-1: Fly out, F7 (Flyball, 7D, EV 87.5 MPH)
Batting: LHB Kenny Jones 0-0: Called Strike
0-1: Ball
1-1: Fly out, F5 (Line Drive, 5, EV 69.4 MPH)
Top of the 2nd over - 0 runs, 1 hit, 0 errors, 1 left on base; Franklin 0 - Amarillo 0
BOTTOM OF THE 2ND
Amarillo Warheads batting - Pitching for Franklin Fire : RHP Kwan-yew Khu
Batting: RHB Getoff Mylawn 0-0: SINGLE (Line Drive, 4D, EV 105.0 MPH)
Batting: LHB Michael Carlton 0-0: DOUBLE (Line Drive, 8RXD, EV 107.5 MPH)
Getoff Mylawn to third
Batting: SHB Mario Roldán 0-0: Foul Ball, location: 2F
0-1: Called Strike
0-2: Strikes out swinging
Batting: RHB Indergabriell Marifosque 0-0: Called Strike
0-1: Foul Ball, location: 2F
0-2: Ground out 5-3 (Groundball, 56S, EV 80.6 MPH)
Getoff Mylawn scores
Batting: RHB Héctor Bernard 0-0: Ball
1-0: Foul Ball, location: 2F
1-1: Hit by Pitch
Batting: RHB Rocky Avery 0-0: Ball
1-0: Ball
2-0: Foul Ball, location: 2F
2-1: Called Strike
2-2: Strikes out swinging
Bottom of the 2nd over - 1 run, 2 hits, 0 errors, 2 left on base; Franklin 0 - Amarillo 1
TOP OF THE 3RD
Franklin Fire batting - Pitching for Amarillo Warheads : RHP Rey Counsell
Batting: RHB Richard Fowler 0-0: Ground out 5-3 (Groundball, 56, EV 97.5 MPH)
Batting: LHB John Campbell 0-0: Ball
1-0: Swinging Strike
1-1: Ball
2-1: Foul Ball, location: 2F
2-2: Fly out, F7 (Line Drive, 7D, EV 86.2 MPH)
Batting: LHB Felipe Tovar 0-0: Ball
1-0: Called Strike
1-1: Ball
2-1: Fly out, F9 (Flyball, 89S, EV 92.5 MPH)
Top of the 3rd over - 0 runs, 0 hits, 0 errors, 0 left on base; Franklin 0 - Amarillo 1
BOTTOM OF THE 3RD
Amarillo Warheads batting - Pitching for Franklin Fire : RHP Kwan-yew Khu
Batting: RHB Bao-tian Tong 0-0: Foul Ball, location: 2F
0-1: Ground out 1-3 (Groundball, P, EV 82.5 MPH)
Batting: LHB Seung-jae Kyong 0-0: Ball
1-0: Foul Ball, location: 2F
1-1: Ball
2-1: SINGLE (Line Drive, 6D, EV 96.9 MPH)
Batting: RHB Yataro Nagai 0-0: Ball
1-0: Ball
2-0: Ball
3-0: Base on Balls
Seung-jae Kyong to second
Batting: RHB Getoff Mylawn 0-0: Ball
1-0: Ball
2-0: Ball
3-0: Fly out, F9 (Line Drive, 9, EV 100.6 MPH)
Batting: LHB Michael Carlton 0-0: Called Strike
0-1: Foul Ball, location: 2F
0-2: Foul Ball, location: 2F
0-2: Foul Ball, location: 2F
0-2: Ball
1-2: Fly out, F7 (Flyball, 7S, EV 96.2 MPH)
Bottom of the 3rd over - 0 runs, 1 hit, 0 errors, 2 left on base; Franklin 0 - Amarillo 1
TOP OF THE 4TH
Franklin Fire batting - Pitching for Amarillo Warheads : RHP Rey Counsell
Batting: RHB Felino Edrada 0-0: Swinging Strike
0-1: SINGLE (Line Drive, 6MD, EV 98.1 MPH)
Batting: SHB Christopher Tracy 0-0: Foul Ball, location: 2F
0-1: Swinging Strike
0-2: Ball
1-2: Ball
2-2: Fielders Choice at 2nd, 3-6 (Groundball, 3, EV 108.8 MPH)
Batting: RHB Jacob James 0-0: Ball
1-0: Foul Ball, location: 2F
1-1: Ball
2-1: Fielders Choice at 2nd, 4-6 (Groundball, 4, EV 89.4 MPH)
Batting: LHB Will Blalock 0-0: Ball
1-0: SINGLE (Line Drive, 9LS, EV 103.8 MPH)
Jacob James to second
Batting: RHB Raúl Bermúdez 0-0: Called Strike
0-1: Swinging Strike
0-2: Ball
1-2: Ball
2-2: Foul Ball, location: 2F
2-2: Foul Ball, location: 2F
2-2: Ground out 4-3 (Groundball, 4D, EV 89.4 MPH)
Top of the 4th over - 0 runs, 2 hits, 0 errors, 2 left on base; Franklin 0 - Amarillo 1
BOTTOM OF THE 4TH
Amarillo Warheads batting - Pitching for Franklin Fire : RHP Kwan-yew Khu
Batting: SHB Mario Roldán 0-0: Foul Ball, location: 2F
0-1: Ball
1-1: Ball
2-1: Foul Ball, location: 2F
2-2: SINGLE (Flyball, 78M, EV 85.6 MPH)
Batting: RHB Indergabriell Marifosque 0-0: Foul Ball, location: 2F
0-1: Foul Ball, location: 2F
0-2: Fly out, F9 (Flyball, 9D, EV 98.1 MPH)
Batting: RHB Héctor Bernard 0-0: Called Strike
0-1: Ball
1-1: SINGLE (Line Drive, 4D, EV 99.4 MPH)
Mario Roldán to second
Batting: RHB Rocky Avery 0-0: Ball
1-0: Foul Ball, location: 2F
1-1: Foul Ball, location: 2F
1-2: Ball
2-2: Foul Ball, location: 2F
2-2: Ball
3-2: Fly out, F8 (Flyball, 8LS, EV 88.8 MPH)
Batting: RHB Bao-tian Tong 0-0: DOUBLE (Line Drive, 9LS, EV 114.4 MPH)
Mario Roldán scores
Héctor Bernard to third
Batting: LHB Seung-jae Kyong 0-0: Ball
1-0: Ball
2-0: Ball
3-0: Base on Balls
Batting: RHB Yataro Nagai 0-0: Called Strike
0-1: Fly out, F8 (Flyball, 8LM, EV 92.5 MPH)
Bottom of the 4th over - 1 run, 3 hits, 0 errors, 3 left on base; Franklin 0 - Amarillo 2
TOP OF THE 5TH
Franklin Fire batting - Pitching for Amarillo Warheads : RHP Rey Counsell
Batting: LHB Kenny Jones 0-0: Fly out, F8 (Flyball, 8LD, EV 103.1 MPH)
Batting: RHB Richard Fowler 0-0: Hit by Pitch
Batting: LHB John Campbell 0-0: Ball
1-0: Swinging Strike
1-1: Grounds into double play, 4-6-3 (Groundball, 4, EV 103.8 MPH)
Top of the 5th over - 0 runs, 0 hits, 0 errors, 0 left on base; Franklin 0 - Amarillo 2
BOTTOM OF THE 5TH
Amarillo Warheads batting - Pitching for Franklin Fire : RHP Kwan-yew Khu
Batting: RHB Getoff Mylawn 0-0: Fly out, F5 (Popup, 25F, EV 83.1 MPH)
Batting: LHB Michael Carlton 0-0: Called Strike
0-1: Ball
1-1: Foul Ball, location: 2F
1-2: Foul Ball, location: 2F
1-2: Strikes out swinging
Batting: SHB Mario Roldán 0-0: Ball
1-0: Called Strike
1-1: Swinging Strike
1-2: Strikes out looking
Bottom of the 5th over - 0 runs, 0 hits, 0 errors, 0 left on base; Franklin 0 - Amarillo 2
TOP OF THE 6TH
Franklin Fire batting - Pitching for Amarillo Warheads : RHP Rey Counsell
Batting: LHB Felipe Tovar 0-0: DOUBLE (Line Drive, 78D, EV 113.1 MPH)
Batting: RHB Felino Edrada 0-0: Ball
1-0: Called Strike
1-1: Foul Ball, location: 2F
1-2: Ball
2-2: Foul Ball, location: 2F
2-2: Foul Ball, location: 2F
2-2: Ball
3-2: Ground out 5-3 (Groundball, 5S, EV 70.6 MPH)
Felipe Tovar to third
Batting: SHB Christopher Tracy 0-0: SINGLE (Line Drive, 7S, EV 98.8 MPH)
Felipe Tovar scores
Batting: RHB Jacob James 0-0: Ball
1-0: Ball
2-0: Called Strike
2-1: Foul Ball, location: 2F
2-2: Ball
3-2: Foul Ball, location: 2F
3-2: Base on Balls
Christopher Tracy to second
Batting: LHB Will Blalock 0-0: SINGLE (Groundball, 56S, EV 66.2 MPH) (infield hit)
Christopher Tracy to third
Jacob James to second
Batting: RHB Raúl Bermúdez 0-0: Foul Ball, location: 2F
0-1: Called Strike
0-2: Foul Ball, location: 2F
0-2: Hit by Pitch
Christopher Tracy scores
Jacob James to third
Will Blalock to second
Batting: LHB Kenny Jones 0-0: Called Strike
0-1: Fly out, F8 (Line Drive, 8RM, EV 107.5 MPH)
Runner from 3rd tags up, SCORES, no throw by CF
Batting: RHB Richard Fowler 0-0: Fly out, F4 (Flyball, 34D, EV 78.1 MPH)
Top of the 6th over - 3 runs, 3 hits, 0 errors, 2 left on base; Franklin 3 - Amarillo 2
BOTTOM OF THE 6TH
Amarillo Warheads batting - Pitching for Franklin Fire : RHP Kwan-yew Khu
Batting: RHB Indergabriell Marifosque 0-0: Fly out, F8 (Flyball, 78D, EV 100.0 MPH)
Batting: RHB Héctor Bernard 0-0: SINGLE (Line Drive, 8LS, EV 94.4 MPH)
Batting: RHB Rocky Avery 0-0: Ball
1-0: Called Strike
1-1: Ball
Héctor Bernard steals 2nd base
2-1: Ball
3-1: Foul Ball, location: 2F
3-2: Ground out U3 (Groundball, 3L, EV 88.8 MPH)
Héctor Bernard to third
Batting: RHB Bao-tian Tong 0-0: Ball
1-0: Called Strike
1-1: Ball
2-1: Ball
Wild Pitch!
Héctor Bernard scores
3-1: Base on Balls
Batting: LHB Seung-jae Kyong 0-0: Called Strike
0-1: Swinging Strike
0-2: Ball
1-2: Foul Ball, location: 2F
1-2: Ball
2-2: Ball
3-2: DOUBLE (Line Drive, 7LD, EV 99.4 MPH)
Bao-tian Tong to third
Bao-tian Tong scores
Batting: RHB Yataro Nagai 0-0: Foul Ball, location: 2F
0-1: Ball
1-1: Ground out 6-3 (Groundball, 6, EV 81.2 MPH)
Bottom of the 6th over - 2 runs, 2 hits, 0 errors, 1 left on base; Franklin 3 - Amarillo 4
TOP OF THE 7TH
Franklin Fire batting - Pitching for Amarillo Warheads : RHP Rey Counsell
Batting: LHB John Campbell 0-0: Ball
1-0: Ball
2-0: Swinging Strike
2-1: Ball
3-1: Swinging Strike
3-2: Strikes out swinging
Batting: LHB Felipe Tovar 0-0: Called Strike
0-1: Foul Ball, location: 2F
0-2: SINGLE (Flyball, 3D, EV 95.0 MPH)
Batting: RHB Felino Edrada 0-0: Ball
1-0: Ball
2-0: Called Strike
2-1: Foul Ball, location: 2F
2-2: Ball
3-2: Strikes out looking
Felipe Tovar steals 2nd base
Batter strikes out.
Batting: SHB Christopher Tracy 0-0: Ball
1-0: Called Strike
1-1: Ball
2-1: SINGLE (Groundball, 34D, EV 96.9 MPH)
Felipe Tovar to third
Runner from 3rd tries for Home, SAFE, throw by RF to home
Batting: RHB Jacob James 0-0: Ball
1-0: Ball
2-0: Ball
3-0: Base on Balls
Christopher Tracy to second
Pitching: RHP Bill Miller
Batting: LHB Will Blalock 0-0: Ball
1-0: Ball
2-0: Foul Ball, location: 2F
2-1: Ball
3-1: Fly out, F8 (Line Drive, 8LM, EV 107.5 MPH)
Top of the 7th over - 1 run, 2 hits, 0 errors, 2 left on base; Franklin 4 - Amarillo 4
BOTTOM OF THE 7TH
Amarillo Warheads batting - Pitching for Franklin Fire : RHP Kwan-yew Khu
Batting: RHB Getoff Mylawn 0-0: Ball
1-0: Ball
2-0: Called Strike
2-1: Ball
3-1: Foul Ball, location: 2F
3-2: Foul Ball, location: 2F
3-2: Strikes out swinging
Pitching: RHP Jian-ying Yep
Batting: LHB Michael Carlton 0-0: Called Strike
0-1: Swinging Strike
0-2: Ball
1-2: Foul Ball, location: 2F
1-2: Foul Ball, location: 2F
1-2: Ball
2-2: Foul Ball, location: 2F
2-2: Strikes out swinging
Batting: SHB Mario Roldán 0-0: Ball
1-0: Foul Ball, location: 2F
1-1: Foul Ball, location: 2F
1-2: SINGLE (Line Drive, 89M, EV 98.1 MPH)
Batting: RHB Indergabriell Marifosque 0-0: SINGLE (Flyball, 89S, EV 91.9 MPH)
Mario Roldán to second
Runner from 2nd tries for 3rd, SAFE, throw by RF made to third
Batting: RHB Héctor Bernard 0-0: Ball
1-0: Foul Ball, location: 2F
1-1: Reached via error on a dropped throw from 2B, E3 (Groundball, 4S, EV 88.8 MPH)
Mario Roldán scores
Indergabriell Marifosque to second
Batting: RHB Rocky Avery 0-0: Called Strike
0-1: Ball
1-1: Foul Ball, location: 2F
1-2: Ball
2-2: DOUBLE (Flyball, 8LXD, EV 87.5 MPH)
Indergabriell Marifosque scores
Héctor Bernard to third
Batting: RHB Bao-tian Tong 0-0: Ball
1-0: Called Strike
1-1: Fly out, F7 (Flyball, 7LM, EV 95.0 MPH)
Bottom of the 7th over - 2 runs, 3 hits, 1 error, 2 left on base; Franklin 4 - Amarillo 6
TOP OF THE 8TH
Franklin Fire batting - Pitching for Amarillo Warheads : RHP Bill Miller
Batting: RHB Raúl Bermúdez 0-0: Ball
1-0: Ball
2-0: Called Strike
2-1: Foul Ball, location: 2F
2-2: Foul Ball, location: 2F
2-2: Ball
3-2: Ground out 6-3 (Groundball, 6S, EV 78.8 MPH)
Batting: LHB Kenny Jones 0-0: Called Strike
0-1: Ball
1-1: SINGLE (Groundball, 13S, EV 66.9 MPH) (infield hit)
Batting: RHB Richard Fowler 0-0: Ball
1-0: Called Strike
1-1: Foul Ball, location: 2F
1-2: Foul Ball, location: 2F
1-2: Foul Ball, location: 2F
1-2: Ball
Wild Pitch!
Kenny Jones to second
2-2: Strikes out swinging
Batting: LHB John Campbell 0-0: Ground out 4-3 (Groundball, 4, EV 83.8 MPH)
Top of the 8th over - 0 runs, 1 hit, 0 errors, 1 left on base; Franklin 4 - Amarillo 6
BOTTOM OF THE 8TH
Amarillo Warheads batting - Pitching for Franklin Fire : RHP Jian-ying Yep
Batting: LHB Seung-jae Kyong 0-0: Ball
1-0: Ball
2-0: Foul Ball, location: 2F
2-1: SINGLE (Groundball, 4MD, EV 95.0 MPH)
Pitching: RHP Fepiku Alewina
Batting: RHB Yataro Nagai 0-0: Ball
1-0: Called Strike
1-1: SINGLE (Line Drive, 4D, EV 95.6 MPH)
Seung-jae Kyong to second
Batting: RHB Getoff Mylawn 0-0: Called Strike
0-1: Called Strike
0-2: Ball
1-2: SINGLE (Line Drive, 56D, EV 98.1 MPH)
Seung-jae Kyong to third
Yataro Nagai to second
Batting: LHB Michael Carlton 0-0: Ball
1-0: Fly out, F9 (Flyball, 9S, EV 96.2 MPH)
Batting: SHB Mario Roldán 0-0: Fly out, F9 (Flyball, 9S, EV 79.4 MPH)
Batting: RHB Indergabriell Marifosque 0-0: Ball
1-0: Fielders Choice at 2nd, U6 (Groundball, 6M, EV 102.5 MPH)
Bottom of the 8th over - 0 runs, 3 hits, 0 errors, 3 left on base; Franklin 4 - Amarillo 6
TOP OF THE 9TH
Franklin Fire batting - Pitching for Amarillo Warheads : RHP Bill Miller
Pitching: RHP Alfredo Flores
Now at 3B: Muralidhara Neena
Now in CF: Harley Heintz
Batting: LHB Felipe Tovar 0-0: Ball
1-0: Swinging Strike
1-1: Ball
2-1: Foul Ball, location: 2F
2-2: Strikes out swinging wild pitch, reaches first!
Batting: RHB Felino Edrada 0-0: Called Strike
0-1: Ball
1-1: Ball
2-1: Ball
3-1: SINGLE (Line Drive, 6MD, EV 102.5 MPH)
Felipe Tovar to second
Batting: SHB Christopher Tracy 0-0: Foul Ball, location: 2F
0-1: Called Strike
0-2: Ball
1-2: Ball
2-2: Foul Ball, location: 2F
2-2: Ball
3-2: Fly out, F7 (Flyball, 7, EV 88.8 MPH)
Batting: RHB Jacob James 0-0: Ball
1-0: Called Strike
1-1: Called Strike
1-2: Foul Ball, location: 2F
1-2: Strikes out looking
Batting: LHB Will Blalock 0-0: Ball
1-0: Ball
2-0: Ball
3-0: Called Strike
3-1: Swinging Strike
3-2: Base on Balls
Felipe Tovar to third
Felino Edrada to second
Batting: RHB Raúl Bermúdez 0-0: Called Strike
0-1: Called Strike
0-2: Ball
1-2: Strikes out swinging
Top of the 9th over - 0 runs, 1 hit, 0 errors, 3 left on base; Franklin 4 - Amarillo 6
Tuesday, January 5th, 2021 - OOTP Baseball 20.8 Build 74